 Dungeon Crawl Stone Soup version 0.29-a0-821-g66395355a5 (webtiles) character file.

Game seed: 12220531064084346373

5840 nicolae the Martial Artist (level 10, -15/69 HPs)
             Began as an Octopode Transmuter on July 7, 2022.
             Was an Initiate of Gozag.
             Demolished by Snorg (19 damage)
             ... on level 10 of the Dungeon.
             The game lasted 00:31:20 (13020 turns).

nicolae the Martial Artist (Octopode Transmuter)   Turns: 13020, Time: 00:31:21

Health: -15/69     AC:  8    Str: 11    XL:     10   Next: 80%
Magic:  20/22      EV: 10    Int: 19    God:    Gozag
Gold:   281        SH:  0    Dex: 12    Spells: 3/13 levels left

rFire   . . .      SeeInvis .     - Unarmed
rCold   + + +      Faith    .   (shield currently unavailable)
rNeg    . . .      Spirit   .   (helmet currently unavailable)
rPois   +          Reflect  .   B - amulet of regeneration
rElec   .          Harm     .   x - ring of willpower
rCorr   .          Rampage  .   y - ring of magical power
Will    +....                   k - ring of protection from fire
Stlth   +.........              (no ring)
HPRegen 1.01/turn               (no ring)
MPRegen 0.18/turn               (no ring)
                                (no ring)
                                (no ring)

@: ice-form, gold aura
A: freezing attack, boosted hp, almost no armour, amphibious, 8 rings, large,
(camouflage 1), (gelatinous body 1), (nimble swimmer 1), (tentacles)
a: End Transformation, Renounce Religion, Potion Petition, Call Merchant, Bribe
Branch


You were on level 10 of the Dungeon.
You worshipped Gozag.
Gozag was aware of your devotion.
You were a creature of crystalline ice.
You visited 2 branches of the dungeon, and saw 11 of its levels.

You collected 1375 gold pieces.
You spent 1044 gold pieces at shops.
You paid 50 gold pieces to Gozag.

Inventory:

Missiles
 j - 16 poisoned darts
 o - a throwing net
 q - 3 boomerangs
 C - 3 curare-tipped darts
 D - 2 javelins
 F - 5 silver javelins
Jewellery
 i - an amulet of guardian spirit
 k - a ring of protection from fire (on tentacle)
 r - an amulet of reflection
 x - a ring of willpower (left front paw)
 y - a ring of magical power (right front paw)
 B - an amulet of regeneration (around neck)
Wands
 p - a wand of flame (17)
 v - a wand of roots (11)
 A - a wand of digging (7)
Scrolls
 c - a scroll of blinking
 d - a scroll of amnesia {unknown}
 e - 3 scrolls of magic mapping
 g - a scroll of poison
 m - a scroll of immolation
 n - a scroll of fear {unknown}
 s - a scroll of enchant weapon {unknown}
 t - 3 scrolls of teleportation
Potions
 a - 3 potions of magic
 b - 3 potions of mutation
 h - a potion of resistance
 l - 3 potions of brilliance
 u - 5 potions of lignification
 w - 2 potions of ambrosia
 E - 3 potions of flight


   Skills:
 - Level 1.0 Fighting
 - Level 2.0 Dodging
 + Level 11.0 Unarmed Combat
 - Level 2.0 Spellcasting
 - Level 8.0 Transmutations
 - Level 8.0 Ice Magic
 - Level 5.0 Poison Magic


You had 3 spell levels left.
You knew the following spells:

 Your Spells              Type           Power      Damage    Failure   Level
a - Beastly Appendage     Tmut           64%        N/A       1%          1
b - Wereblood             Tmut           32%        N/A       1%          2
c - Spider Form           Tmut/Pois      26%        N/A       3%          3
d - Ice Form              Ice/Tmut       32%        N/A       6%          4

Your spell library contained the following spells:

 Spells                   Type           Power      Damage    Failure   Level
 Magic Dart               Conj           4%         1d3       17%         1
 Searing Ray              Conj           2%         2d4       26%         2
 Fulminant Prism          Conj/Hex       0%         3d6       86%         4
 Summon Lightning Spire   Summ/Air       1%         N/A       86%         4
 Storm Form               Tmut/Air       8%         N/A       100%        7
 Maxwell's Capacitive Co  Air            0%         ∞         100%        8


Dungeon Overview and Level Annotations

Branches:
Dungeon (10/15)            Temple (1/1) D:4            Lair (0/6) D:8
    Orc (0/2) D:10

Altars:
Ashenzari
Cheibriados
Dithmenos
Elyvilon
Fedhas
Gozag
Hepliaklqana
Kikubaaqudgha
Makhleb
Nemelex Xobeh
Okawaru
Qazlal
Ru
Sif Muna
Trog
Uskayaw
Vehumet
Wu Jian
Xom
Yredelemnul
Zin
The Shining One

Shops:
D:2 :   D:8 (=   D:9 (

Annotations:
D:3 2 transporters, SirDiesAlot's ghost, amateur DgDe
D:7 3 runed translucent doors, gobodom's ghost, novice PaFi
D:10 Snorg


Innate Abilities, Weirdness & Mutations

You are a creature of crystalline ice.
You have a powerful freezing melee attack.
Your maximum health is increased.
Your armour is entirely melded.
You are incapable of wielding weapons or throwing items.
You cannot wear most types of armour.
You are amphibious.
You can wear up to eight rings at the same time.
((Your skin changes colour to match your surroundings (Stealth+).))
((Your rubbery body absorbs attacks. (AC +1, EV +1)))
((You are camouflaged when in or above water. (Stealth+)))
((You have tentacles for arms and can constrict up to eight enemies at once.))


Message History

You barely miss Snorg.
Snorg is lightly wounded.
Snorg pats her sizable gut.
Snorg bites you. Snorg claws you. Snorg closely misses you.
You hit Snorg. You freeze Snorg.
Snorg is lightly wounded.
Snorg completely misses you. Snorg barely misses you.
Snorg claws you but does no damage.
You hit Snorg. You freeze Snorg.
Snorg is lightly wounded.
Snorg bites you but does no damage. Snorg claws you.
Snorg claws you but does no damage.
You punch Snorg! You freeze Snorg.
Snorg is moderately wounded.
Snorg barely misses you. Snorg claws you! Snorg closely misses you.
You pummel Snorg!! You freeze Snorg!
Snorg is heavily wounded.
You punch Snorg! You freeze Snorg.
Snorg is severely wounded.
Snorg bites you. Snorg claws you! Snorg claws you but does no damage.
You hit Snorg. You freeze Snorg.
Snorg is severely wounded.
Snorg pats her sizable gut.
Snorg bites you but does no damage. Snorg claws you but does no damage.
Snorg barely misses you.
You feel better.
Snorg goes berserk!
You barely miss Snorg.
Snorg is severely wounded.
Snorg barely misses you. x2; Snorg claws you!
You pummel Snorg!! You freeze Snorg.
Snorg is almost dead.
Snorg completely misses you. Snorg claws you!
* * * LOW HITPOINT WARNING * * *
Snorg claws you.
* * * LOW HITPOINT WARNING * * *
You feel better. Snorg bites you!
* * * LOW HITPOINT WARNING * * *
Snorg closely misses you. Snorg claws you!!
You die...
Your body crumbles into a pile of gold.

######## #......# ########## #
#......# #......... ..
#......####......... ...
#......##.'......... ....
####......##.#......... .....
###..'.TY...##.#.........
......###...##......##.#.........
......'...####......)..#.........
./..$.##### #......####......[..
..... ##+##### ######+### +###


You could see Snorg (berserk).

Vanquished Creatures
  A two-headed ogre (D:10)
  Maurice (D:8)
  A gargoyle (D:10)
  A komodo dragon (D:8)
  Grinder (D:4)
  A hornet (D:9)
  7 yaks
  Menkaure (D:4)
  Duvessa (D:6)
  A water moccasin (D:5)
  2 ice beasts
  A black bear (D:6)
  2 orc warriors
  A sky beast (D:8)
  4 kobold brigands
  A bullfrog (D:8)
  3 scorpions
  9 wights
  Dowan (D:6)
  3 killer bees (D:9)
  2 howler monkeys
  2 hounds
  3 orc priests
  A jelly (D:6)
  4 iguanas
  Natasha (D:4)
  8 orc wizards
  Robin (D:3)
  4 gnolls (D:5)
  10 adders
  A white imp (D:5)
  An ufetubus (D:4)
  2 worms
  4 dart slugs
  35 orcs
  7 endoplasms
  3 giant cockroaches
  12 hobgoblins
  7 jackals
  4 quokkas
  7 ball pythons
  4 bats
  4 frilled lizards
  12 goblins
  25 kobolds
  6 rats
213 creatures vanquished.

Vanquished Creatures (others)
  A plant (D:8)
1 creature vanquished.

Grand Total: 214 creatures vanquished

Notes
Turn   | Place    | Note
-------+----------+-------------------------------------------
     0 | D:1      | nicolae the Octopode Transmuter began the quest for the
                  | Orb.
     0 | D:1      | Reached XP level 1. HP: 13/13 MP: 3/3
   368 | D:1      | Found a faded altar of an unknown god.
   374 | D:1      | Reached XP level 2. HP: 18/18 MP: 5/5
   377 | D:1      | Learned a level 2 spell: Wereblood
  1074 | D:2      | Reached XP level 3. HP: 19/23 MP: 4/6
  1950 | D:2      | Reached XP level 4. HP: 26/28 MP: 5/7
  1997 | D:2      | Learned a level 3 spell: Spider Form
  2229 | D:2      | Found Doumeadgh's Book Boutique.
  3024 | D:3      | Noticed an ogre
  3126 | D:3      | Found a transporter.
  3127 | D:3      | Noticed SirDiesAlot's ghost (amateur DgDe)
  3131 | D:3      | Noticed an ogre
  3132 | D:3      | Found a transporter.
  3423 | D:3      | Reached skill level 5 in Transmutations
  3423 | D:3      | Reached XP level 5. HP: 26/33 MP: 6/8
  3545 | D:3      | Reached skill level 1 in Poison Magic
  3556 | D:3      | Noticed Robin
  3705 | D:3      | Killed Robin
  4079 | D:3      | Upgraded the game from 0.29-a0-819-g94b489e0ae to
                  | 0.29-a0-821-g66395355a5
  4173 | D:4      | Found a staircase to the Ecumenical Temple.
  4174 | D:4      | Noticed Natasha
  4198 | D:4      | Reached XP level 6. HP: 29/38 MP: 5/9
  4274 | D:4      | Killed Natasha
  4455 | D:4      | Noticed Menkaure
  4478 | D:4      | Killed Menkaure
  4479 | D:4      | Reached skill level 5 in Poison Magic
  4479 | D:4      | Reached skill level 4 in Unarmed Combat
  4491 | Temple   | Entered the Ecumenical Temple
  4535 | Temple   | Became a worshipper of Gozag Ym Sagoz the Greedy
  4576 | D:4      | Reached XP level 7. HP: 32/43 MP: 8/10
  4808 | D:4      | Reached skill level 5 in Unarmed Combat
  5127 | D:4      | Found a snail-covered altar of Cheibriados.
  5320 | D:4      | Noticed Grinder
  5328 | D:4      | Paralysed by Grinder for 5 turns
  5337 | D:4      | Killed Grinder
  5338 | D:4      | Reached skill level 6 in Unarmed Combat
  5338 | D:4      | Reached XP level 8. HP: 48/48 MP: 11/11
  5419 | D:4      | Reached skill level 7 in Unarmed Combat
  5444 | D:4      | Found an ancient bone altar of Kikubaaqudgha.
  5778 | D:5      | Entered Level 5 of the Dungeon
  6222 | D:4      | Learned a level 4 spell: Ice Form
  6277 | D:5      | Reached skill level 1 in Ice Magic
  7367 | D:6      | Noticed Duvessa
  7625 | D:6      | Noticed Dowan
  7836 | D:6      | Killed Dowan
  7841 | D:6      | Killed Duvessa
  7842 | D:6      | Reached skill level 5 in Ice Magic
  8394 | D:7      | Reached XP level 9. HP: 40/53 MP: 10/12
  9273 | D:7      | Found a runed translucent gate.
  9275 | D:7      | Found a runed translucent gate.
  9275 | D:7      | Found a runed translucent gate.
  9275 | D:7      | Noticed gobodom's ghost (novice PaFi)
  9696 | D:8      | Noticed Maurice
 10111 | D:8      | Found Omakul's Weapon Shoppe.
 10119 | D:8      | Bought 5 silver javelins for 144 gold pieces
 10789 | D:8      | Found a sacrificial altar of Ru.
 10958 | D:8      | Found a staircase to the Lair.
 10967 | D:8      | Noticed a komodo dragon
 10975 | D:8      | Killed Maurice
 11230 | D:8      | Killed a komodo dragon
 11231 | D:8      | Reached skill level 8 in Unarmed Combat
 11231 | D:8      | Reached XP level 10. HP: 57/58 MP: 9/13
 11323 | D:8      | Found Qithosor's Jewellery Boutique.
 11591 | D:8      | Bought a ring of willpower for 300 gold pieces
 11591 | D:8      | Bought a ring of magical power for 240 gold pieces
 12033 | D:9      | Found Dajimm's Antique Weapon Shoppe.
 12093 | D:9      | Reached skill level 9 in Unarmed Combat
 12178 | D:8      | Bought an amulet of regeneration for 360 gold pieces
 12703 | D:10     | Entered Level 10 of the Dungeon
 12744 | D:10     | Found a staircase to the Orcish Mines.
 12745 | D:10     | Noticed a gargoyle
 12779 | D:10     | Noticed a gargoyle
 12788 | D:10     | Killed a gargoyle
 12789 | D:10     | Reached skill level 10 in Unarmed Combat
 12947 | D:10     | Noticed a two-headed ogre
 12954 | D:10     | Killed a two-headed ogre
 12991 | D:10     | Noticed Snorg
 13005 | D:10     | Reached skill level 11 in Unarmed Combat
 13020 | D:10     | Demolished by Snorg

Illustrated notes

Levels and vault maps discovered:
D:1:      zaba_arrival_water, layout_loops_corners,
          dreamdust_ecumenical_altar_statues, dk_noncrumbling_3
D:2:      layout_basic, serial_shops, shop, st_stairs_9
D:3:      layout_basic, gammafunk_ghost_smash, uniq_robin
D:4:      layout_basic, kennysheep_mini, mainiacjoe_overflow_cross_hatched,
          minmay_temple_entry_water_ring, uniq_grinder, uniq_menkaure,
          uniq_natasha
D:5:      layout_loops_cross
D:6:      layout_cave_pods, serial_bayou_pond_a, uniq_duvessa
D:7:      layout_loops_corners, gammafunk_ghost_nasty_kobolds,
          nicolae_figureground_sparkle
D:8:      layout_gridville, nicolae_ru_great_annihilating_truth,
          david_lair_shrubbed, serial_shops, nicolae_shop_statue_plus,
          nicolae_shop_bloodbath_and_beyond, uniq_maurice
D:9:      layout_roguey, serial_shops, shop
D:10:     layout_roguey, orc_0_dummy, uniq_snorg
Temple:   hellmonk_temple_of_storms

Skill      XL: |  1  2  3  4  5  6  7  8  9 10 |
---------------+-------------------------------+-----
Transmutations | 3 4 5 8 |  8.0
Poison Magic   | 4 5 |  5.0
Unarmed Combat | 4 6 7 8 11 | 11.0
Ice Magic      | 5 8 |  8.0
Fighting       | |  1.0
Dodging        | |  2.0
Spellcasting   | |  2.0

Action                   |  1- 3 |  4- 6 |  7- 9 | 10-12 || total
-------------------------+-------+-------+-------+-------++-------
Melee: Unarmed           |    87 |   136 |   205 |   128 ||   556
       Tentacles         |    17 |    28 |    45 |     9 ||    99
       Kick              |    18 |    33 |    67 |    12 ||   130
       Constrict         |    19 |    31 |    36 |    11 ||    97
       Punch             |     2 |     4 |     7 |     3 ||    16
Throw: Dart              |       |     1 |       |       ||     1
 Cast: Beastly Appendage |    12 |    29 |    29 |     4 ||    74
       Wereblood         |     2 |     4 |     5 |     6 ||    17
       Spider Form       |       |       |     2 |       ||     2
       Ice Form          |       |       |     1 |    10 ||    11
Evoke: Wand              |       |       |    14 |     3 ||    17
  Use: Scroll            |     1 |     4 |     6 |     7 ||    18
       Potion            |       |     2 |    10 |     3 ||    15
 Stab: Sleeping          |     7 |     3 |     7 |       ||    17
       Invisible         |       |       |     1 |     1 ||     2
       Paralysed         |       |       |     1 |       ||     1
Armor: Skin              |     8 |     8 |     9 |    17 ||    42
Dodge: Dodged            |    62 |    66 |    90 |    56 ||   274
Block: Other             |       |     2 |    35 |    10 ||    47
       Reflection        |       |       |     1 |     1 ||     2

Table legend: (Time is in decaauts)
 A = Elapsed time spent in this place.
 B = Non-inter-level travel time spent in this place.
 C = Inter-level travel time spent in this place.
 D = Time resting spent in this place.
 E = Time spent auto-exploring this place.
 F = Levels seen in this place.
 G = Mean time per level.
                   A        B        C        D        E       F      G
               +--------+--------+--------+--------+--------+-----+--------+
         Total |  12948 |  12313 |    635 |   3448 |   6214 |  11 | 1177.1 |
       Dungeon |  12896 |  12278 |    618 |   3448 |   6196 |  10 | 1289.6 |
        Temple |     51 |     34 |     17 |      0 |     18 |   1 |   51.0 |
               +--------+--------+--------+--------+--------+-----+--------+

Top non-repeatable levels by time:
     D:4: 2005 daAuts
     D:8: 1979 daAuts
     D:7: 1704 daAuts
     D:2: 1550 daAuts
     D:3: 1535 daAuts
     D:1: 1041 daAuts
     D:5: 995 daAuts
     D:6: 889 daAuts
     D:9: 887 daAuts
    D:10: 306 daAuts
  Temple: 51 daAuts
